 Dungeon Crawl Stone Soup version 0.17-a0-2220-g6fea741 (webtiles) character file.

578 kosy22 the Ducker (level 7, -2/67 HPs)
             Began as a Troll Fighter on Oct 28, 2015.
             Slain by an orc
             ... wielding a +0 short sword
              (5 damage)
             ... on level 4 of the Dungeon.
             The game lasted 00:06:13 (2692 turns).

kosy22 the Ducker (Troll Fighter)                   Turns: 2692, Time: 00:06:14

Health: -2/67      AC:  5    Str: 27    XL:     7   Next: 13%
Magic:  6/6        EV:  9    Int:  9    God:
Gold:   121        SH:  9    Dex:  9    Spells: 0 memorised, 6 levels left

rFire  . . .     SeeInvis .       - Unarmed
rCold  . . .     Clarity  .     a - +0 robe
rNeg   . . .     SustAt   .     b - +0 shield
rPois  .         Gourm    +     (helmet restricted)
rElec  .         Spirit   .     (no cloak)
rCorr  .         Warding  .     (gloves unavailable)
rMut   .         Stasis   .     (boots unavailable)
MR     .....                    (no amulet)
Stlth  +.........               (no ring)
                                (no ring)

@: brilliant, lethally poisoned (-2 -> -2), not resistant to hostile
enchantments, very unstealthy
A: unfitting armour, claws 3, fast metabolism 3, gourmand, regeneration 2,
shaggy fur 1, tough skin 2
a: no special abilities


You were on level 4 of the Dungeon.
You were very full.

You visited 1 branch of the dungeon, and saw 4 of its levels.

You collected 121 gold pieces.

Inventory:

Missiles
 l - 2 large rocks (quivered)
Armour
 a - a +0 robe (worn)
 b - a +0 shield (worn)
Wands
 o - a wand of frost (5)
Scrolls
 p - a scroll of identify {unknown}
Potions
 c - 3 potions of might
 e - 4 potions of brilliance
 g - a potion of heal wounds {unknown}
 h - a potion of lignification {unknown}
 i - 3 potions of cure mutation {unknown}
 j - a potion of flight {unknown}
 m - a potion of curing {unknown}
 n - a potion of poison {unknown}
 q - a potion of agility
Comestibles
 d - 4 bread rations
 f - 2 fruits
 k - a royal jelly
 r - 9 chunks of flesh


   Skills:
 + Level 3.3 Fighting
 + Level 1.0 Throwing
 + Level 4.7 Dodging
 + Level 0.5 Stealth
 + Level 3.5 Shields
 + Level 3.8 Unarmed Combat


You had 6 spell levels left.
You didn't know any spells.

Dungeon Overview and Level Annotations

Branches:
Dungeon (4/15)
 Temple: D:4-7

Altars:
Cheibriados
Gozag
Qazlal
Sif Muna
Trog


Innate Abilities, Weirdness & Mutations

You are too large for most types of armour.
You have claws for hands.
Your metabolism is lightning-fast.
You like to eat raw meat.
You heal very quickly.
You are covered in fur (AC +1).
You have very tough skin (AC +2).


Message History

You feel sick. You block the orc's attack. You block the orc's attack.
You feel sick.
A giant gecko skeleton comes into view.
You feel sick.
Found a scroll labeled BULILO ZODOWE.
You feel sick.
You feel sick.
Found a scratched ruby ring.
You feel sick.
You feel sick.
The orc priest miscasts a cantrip.
Found 11 gold pieces.
An orc comes into view. It is wielding a short sword.
You feel sick.
You feel sick.
A giant cockroach comes into view.
The orc shouts!
You feel sick.
You feel sick. The orc hits you with a short sword.
You die...

#...........#####.
#....o.#####... . .
##...o#.......##
..####.......######
.................
.......o######$.#
.........# #..#
......o..# #.#
.......@.# ..
l........#
.........#
.........#
.........#
.........#
.........#
.....>...#


You could see 2 orcs and a giant gecko (wandering).

Vanquished Creatures
  Sigmund (D:3)
  The ghost of schwarznadel the Ruffian, an amateur DrMo (D:3)
  An ogre (D:4)
  Ijyb (D:3)
  Terence (D:3)
  Robin (D:3)
  5 adders
  An ooze (D:3)
  2 worms
  2 giant geckos (D:2)
  6 orcs (D:3)
  3 giant cockroaches
  16 goblins
  10 hobgoblins
  A quokka (D:3)
  7 bats
  A giant newt (D:1)
  3 jackals
  6 kobolds
  10 rats
79 creatures vanquished.

Notes
Turn   | Place    | Note
--------------------------------------------------------------
     0 | D:1      | kosy22 the Troll Fighter began the quest for the Orb.
     0 | D:1      | Reached XP level 1. HP: 22/22 MP: 0/0
   225 | D:1      | Reached XP level 2. HP: 29/29 MP: 1/1
   824 | D:1      | Reached XP level 3. HP: 31/36 MP: 2/2
  1348 | D:2      | Found a snail-covered altar of Cheibriados.
  1358 | D:2      | Found an opulent altar of Gozag.
  1422 | D:2      | Reached skill level 3 in Dodging
  1426 | D:2      | Reached XP level 4. HP: 24/44 MP: 3/3
  1828 | D:3      | Noticed Sigmund
  1843 | D:3      | Killed Sigmund
  1843 | D:3      | Reached skill level 4 in Dodging
  1843 | D:3      | Reached XP level 5. HP: 36/53 MP: 4/4
  1983 | D:3      | Found a bloodstained altar of Trog.
  2082 | D:3      | Noticed Ijyb
  2093 | D:3      | Killed Ijyb
  2093 | D:3      | Reached XP level 6. HP: 40/61 MP: 5/5
  2193 | D:3      | Noticed schwarznadel's ghost (amateur DrMo)
  2218 | D:3      | Killed schwarznadel's ghost
  2218 | D:3      | Reached skill level 1 in Throwing
  2355 | D:3      | Found a deep blue altar of Sif Muna.
  2425 | D:3      | Noticed Terence
  2431 | D:3      | Killed Terence
  2474 | D:3      | Found a stormy altar of Qazlal.
  2537 | D:3      | Noticed Robin
  2554 | D:3      | Killed Robin
  2668 | D:4      | Reached XP level 7. HP: 42/67 MP: 6/6
  2680 | D:4      | HP: 3/67 [poisoned by an orc]
  2685 | D:4      | HP: 2/67 [poisoned by an orc]
  2690 | D:4      | HP: 2/67 [poisoned by an orc]
  2692 | D:4      | Slain by an orc

Vault maps used:
D:1:      dpeg_arrival_arbitrary_a
D:2:      amethyst_overflow_temple_binary
D:3:      marbit_many_paths, overflow_temple_1_default, trog_butcher_becter,
          uniq_terence, uniq_iyjb, uniq_sigmund, uniq_robin
D:4:      nicolae_dithmenos_through_a_glass_darkly, makhleb_blood_cavern_becter

Action                   |  1- 3 |  4- 6 |  7- 9 || total
-------------------------+-------+-------+-------++-------
Melee: Unarmed           |    96 |   174 |     3 ||   273
Throw: Large rock        |       |     5 |       ||     5
  Use: Scroll            |     3 |       |       ||     3
       Potion            |       |       |     1 ||     1
  Eat: Chunk             |    14 |    15 |       ||    29
       Fruit             |     1 |       |       ||     1
